 Dungeon Crawl Stone Soup version 0.31.0-11-ge490571c62 (webtiles) character file.

Game seed: 10971886797780634575

34 qw the Shooter (level 3, 0/20 HPs)
             Began as a Deep Elf Hunter on Feb 4, 2024.
             Slain by an orc
             ... wielding a +0 falchion
              (5 damage)
             ... on level 2 of the Dungeon.
             The game lasted 00:00:02 (821 turns).

qw the Shooter (Deep Elf Hunter)                     Turns: 821, Time: 00:00:03

Health: 0/20       AC:  5    Str: 10    XL:     3   Next: 14%
Magic:  5/5        EV: 11    Int: 13    God:
Gold:   45         SH:  0    Dex: 18    Spells: 2/2 levels left

rFire   . . .        a - +2 shortbow
rCold   . . .        (shield currently unavailable)
rNeg    . . .        i - +0 ring mail
rPois   .            (no helmet)
rElec   .            (no cloak)
rCorr   .            (no gloves)
SInv    .            (no boots)
Will    .....        (no amulet)
Stlth   +            (no ring)
HPRegen 0.23/turn    (no ring)
MPRegen 0.09/turn

%: no passive effects
@: no status effects
A: no striking features
a: no special abilities


You were on level 2 of the Dungeon.
You visited 1 branch of the dungeon, and saw 2 of its levels.

You collected 45 gold pieces.


   Skills:
 - Level 1.5 Fighting
 + Level 6.7 Ranged Weapons
 - Level 2.4 Dodging
 - Level 1.2 Stealth


You had 2 spell levels left.
You didn't know any spells.
Your spell library was empty.

Inventory:

Hand Weapons
 a - a +2 shortbow (weapon)
Armour
 i - a +0 ring mail (worn)
Scrolls
 b - a scroll of revelation {unknown}
 c - a scroll of silence {unknown}
Potions
 d - a potion of haste
 g - 2 potions of curing

Dungeon Overview and Level Annotations

Branches:
Dungeon (2/15)

Altars:


Message History

c - a scroll labelled FAES KEG HIDD A ball python comes into view.
You shoot an arrow. The arrow hits the ball python!
You kill the ball python!
An endoplasm comes into view.
Found a scroll of immolation.
You shoot an arrow. The arrow hits the endoplasm!
You kill the endoplasm!
Found a stone staircase leading down.
You now have 45 gold pieces (gained 19).
An orc comes into view. It is wielding a +0 falchion.
The orc shouts!
An orc comes into view. It is wielding a +0 dagger.
You shoot an arrow. The arrow barely misses the orc.
The orc shouts!
You shoot an arrow.
The arrow hits the orc but does no damage.
An orc comes into view. It is wielding a +0 club.
You shoot an arrow. The arrow closely misses the orc.
You shoot an arrow.
The arrow hits the orc but does no damage.
An orc comes into view. It is wielding a +0 club.
The orc hits you but does no damage. The orc hits you with a +0 falchion.
You shoot an arrow. The orc shouts!
The arrow hits the orc but does no damage.
The orc hits you but does no damage.
You shoot an arrow. The arrow closely misses the orc.
The orc closely misses you.
You shoot an arrow. The arrow closely misses the orc.
The orc barely misses you. The orc completely misses you.
You shoot an arrow. The arrow hits the orc!
You kill the orc!
The orc hits you with a +0 dagger. The orc closely misses you.
The orc hits you with a +0 falchion. The orc hits you with a +0 dagger.
You shoot an arrow. The arrow hits the orc.
The orc is heavily wounded.
The orc hits you with a +0 club. The orc hits you but does no damage.
The orc hits you with a +0 falchion.
You die...

###.#.#######.........####)#
##.## #.######### # ### #.#
#.# #.# #.# #.# ###.###
#..@o.# #..oo.# #........
#.....###.. #.....# #.#.###
#.#.# #.#.#


You could see 3 orcs.

Vanquished Creatures
  An adder (D:2)
  An orc (D:2)
  3 endoplasms
  2 giant cockroaches (D:1)
  4 goblins
  2 hobgoblins
  A quokka (D:1)
  4 ball pythons
  A frilled lizard (D:2)
  A rat (D:1)
  A spectral kobold (D:1)
21 creatures vanquished.

Notes
Turn   | Place    | Note
-------+----------+-------------------------------------------
     0 | D:1      | qw the Deep Elf Hunter began the quest for the Orb.
     0 | D:1      | Reached XP level 1. HP: 12/12 MP: 3/3
     0 | D:1      | 0 ||| qw: Version: 0.3-a-160-g6735b56
     0 | D:1      | 0 ||| qw: Game counter: 4955
     0 | D:1      | 0 ||| qw: Melee chars always use a shield: true
     0 | D:1      | 0 ||| qw: God list: Okawaru
     0 | D:1      | 0 ||| qw: Allow faded altars: false
     0 | D:1      | 0 ||| qw: Do Orc after clearing Dungeon:15 true
     0 | D:1      | 0 ||| qw: Do second Lair branch before Depths: true
     0 | D:1      | 0 ||| qw: Lair rune preference: random
     0 | D:1      | 0 ||| qw: Goals: Normal
     0 | D:1      | 0 ||| PLANNING D:1-11
   177 | D:1      | Found a faded altar of an unknown god.
   289 | D:1      | Reached XP level 2. HP: 16/16 MP: 4/4
   399 | D:1      | Reached skill level 6 in Ranged Weapons
   616 | D:1      | 616 ||| UPGRADING to +0 ring mail.
   626 | D:1      | 626 ||| DROPPING +0 leather armour.
   627 | D:1      | 627 ||| READING 3 scrolls labelled AMAT FOFFATALI.
   628 | D:1      | 628 ||| READING 4 scrolls labelled MAG BENETODD.
   628 | D:1      | 628 ||| IDENTIFYING inky potion
   629 | D:1      | 629 ||| READING 3 scrolls of identify.
   629 | D:1      | 629 ||| IDENTIFYING orange potion
   630 | D:1      | 630 ||| READING 2 scrolls of identify.
   630 | D:1      | 630 ||| IDENTIFYING 2 golden potions
   631 | D:1      | 631 ||| READING scroll of identify.
   631 | D:1      | 631 ||| IDENTIFYING scroll labelled AZOCEIPSIE
   632 | D:1      | 632 ||| READING 2 scrolls labelled ZADATI BIAHE.
   632 | D:1      | 632 ||| ENCHANTING +0 shortbow.
   633 | D:1      | 633 ||| READING scroll of enchant weapon.
   633 | D:1      | 633 ||| ENCHANTING +1 shortbow.
   634 | D:1      | 634 ||| READING scroll labelled VENEKU FUWNOSO.
   638 | D:1      | 638 ||| DROPPING scroll of butterflies.
   639 | D:1      | 639 ||| DROPPING 2 scrolls of blinking.
   640 | D:1      | 640 ||| DROPPING scroll of immolation.
   641 | D:1      | 641 ||| DROPPING potion of lignification.
   665 | D:2      | 665 ||| STAIRDANCE
   725 | D:2      | Reached XP level 3. HP: 20/20 MP: 5/5
   821 | D:2      | HP: 5/20 [orc/+0 club (3)]
   821 | D:2      | Slain by an orc

Levels and vault maps discovered:
D:1:      sevenhm_arrival_forest_fort_small_3, layout_loops_ring,
          dreamdust_ecumenical_altar_drowned_temple
D:2:      layout_loops_ring, basic_altar, minmay_tromino_i2

Skill      XL: |  1  2 |
---------------+-------+-----
Ranged Weapons | 6 |  6.7
Fighting       | |  1.5
Dodging        | |  2.4
Stealth        | |  1.2

Action                     || total
---------------------------++-------
   Fire: Shortbow          ||    53
    Use: Scroll            ||     8
 Armour: Ring mail         ||    10
  Dodge: Dodged            ||    12

Table legend:
 A = Non-vault XP
 B = Vault XP
 C = Vault XP percentage of total XP
 D = Non-vault monster count
 E = Vault monster count
 F = Vault count percentage of total count
                 A         B        C        D         E       F
            +---------+---------+-------+---------+---------+-------
      Total |      48 |       1 |   2.0 |      20 |       1 |   4.8
            +---------+---------+-------+---------+---------+-------
        D:1 |      16 |       1 |   5.9 |       9 |       1 |  10.0
        D:2 |      32 |       0 |   0.0 |      11 |       0 |   0.0
            +---------+---------+-------+---------+---------+-------
